[ AOE2 MATCH · #506297076 ]
UnrankedBurgundians vs Maya
[ REPLAY ANALYSIS · EXTRACTED FROM THE RECORDED GAME ]
Feudal
10:44
Castle
25:18
Imperial
46:14
| APM avg | 43.7 |
| APM peak | 101 |
| eAPM avg | 15.8 |
| Villagers / military | 141 / 345 |
Focus
⚔️ 33.9% · 🌾 66.1%
Knight ×260 · Spearman ×62 · Scout Cavalry ×22 · Monk ×1
Feudal
9:03
Castle
23:46
Imperial
39:07
| APM avg | 64.1 |
| APM peak | 196 |
| eAPM avg | 31.6 |
| Villagers / military | 168 / 275 |
Focus
⚔️ 56.2% · 🌾 43.8%
Archer ×153 · Spearman ×69 · Plumed Archer ×38 · Trebuchet (Packed) ×10 · Skirmisher ×4 · Monk ×1
Feudal
9:21
Castle
26:10
Imperial
39:35
| APM avg | 60.6 |
| APM peak | 106 |
| eAPM avg | 26.1 |
| Villagers / military | 126 / 330 |
Focus
⚔️ 39.2% · 🌾 60.8%
Archer ×244 · Shotel Warrior ×75 · Trebuchet (Packed) ×11
Feudal
9:26
Castle
25:53
Imperial
37:20
| APM avg | 27.6 |
| APM peak | 52 |
| eAPM avg | 13.8 |
| Villagers / military | 101 / 254 |
Focus
⚔️ 40.1% · 🌾 59.9%
Archer ×145 · Skirmisher ×65 · Genoese Crossbowman ×44
Feudal
10:07
Castle
24:29
Imperial
42:18
| APM avg | 52.6 |
| APM peak | 101 |
| eAPM avg | 23.0 |
| Villagers / military | 125 / 233 |
Focus
⚔️ 34.7% · 🌾 65.3%
Camel Scout ×119 · Shrivamsha Rider ×48 · Skirmisher ×47 · Scout Cavalry ×19
Feudal
8:38
Castle
22:10
Imperial
39:53
| APM avg | 45.3 |
| APM peak | 84 |
| eAPM avg | 24.7 |
| Villagers / military | 185 / 440 |
Focus
⚔️ 37.9% · 🌾 62.1%
Knight ×219 · Scout Cavalry ×146 · Spearman ×61 · Camel Scout ×9 · Monk ×4 · Trebuchet (Packed) ×1
Feudal
9:31
Castle
23:42
Imperial
39:14
| APM avg | 47.3 |
| APM peak | 77 |
| eAPM avg | 18.3 |
| Villagers / military | 179 / 225 |
Focus
⚔️ 40.1% · 🌾 59.9%
Knight ×198 · Scout Cavalry ×23 · Spearman ×3 · Monk ×1
Feudal
10:06
Castle
28:22
Imperial
45:50
| APM avg | 47.6 |
| APM peak | 94 |
| eAPM avg | 24.4 |
| Villagers / military | 177 / 219 |
Focus
⚔️ 32.1% · 🌾 67.9%
Archer ×217 · Spearman ×1 · Skirmisher ×1
Match map
Initial resources + every placement click. Lines = walls · curves = elevation contours. ◆ gold · ⬟ stone · ● berries · ✦ relic · ◌ wall gap
Your base· ✓ Closed at 25:18 · 18t walls · 1 gate(s)
MuyFloji's base· Open — 5t gap
zhazhahui's base· ✓ Closed at 26:10 · 28t walls · no gate
jimmy211211's base· Open — 1t gap
鸭子's base· ✓ Closed at 24:29 · 49t walls · 2 gate(s)
局局卡子's base· ✓ Closed at 22:10 · 44t walls · no gate
PrimordiaL_'s base· ✓ Closed at 23:42 · 59t walls · no gate
dustbin's base· Open — 1t gap
Smoothed initial terrain · ◌ = detected wall gap · hover for details
Inputs per minute
— lun - - MuyFloji
Build order — lun
First 150 of 459 actions detected
| 0:01 | Queue | Villager (Male) |
| 0:01 | Queue | Villager (Male) |
| 0:02 | Build | House |
| 0:05 | Build | House |
| 0:18 | Queue | Villager (Male) |
| 0:33 | Queue | Villager (Male) |
| 0:33 | Queue | Villager (Male) |
| 1:27 | Queue | Villager (Male) |
| 1:27 | Queue | Villager (Male) |
| 1:53 | Build | Lumber Camp |
| 1:59 | Queue | Villager (Male) |
| 1:59 | Queue | Villager (Male) |
| 2:27 | Queue | Villager (Male) |
| 2:28 | Queue | Villager (Male) |
| 2:47 | Queue | Villager (Male) |
| 2:47 | Queue | Villager (Male) |
| 3:23 | Queue | Villager (Male) |
| 3:23 | Queue | Villager (Male) |
| 3:24 | Queue | Villager (Male) |
| 3:30 | Research | Double-Bit Axe |
| 3:30 | Research | Double-Bit Axe |
| 3:43 | Queue | Villager (Male) |
| 3:43 | Queue | Villager (Male) |
| 3:52 | Build | House |
| 3:53 | Build | House |
| 4:09 | Queue | Villager (Male) |
| 4:09 | Queue | Villager (Male) |
| 4:46 | Queue | Villager (Male) |
| 4:46 | Queue | Villager (Male) |
| 5:05 | Build | Mill |
| 5:15 | Queue | Villager (Male) |
| 5:15 | Queue | Villager (Male) |
| 5:30 | Queue | Villager (Male) |
| 5:30 | Queue | Villager (Male) |
| 5:52 | Queue | Villager (Male) |
| 5:52 | Queue | Villager (Male) |
| 6:12 | Queue | Villager (Male) |
| 6:37 | Queue | Villager (Male) |
| 6:46 | Queue | Villager (Male) |
| 6:46 | Queue | Villager (Male) |
| 7:40 | Build | Mining Camp |
| 7:59 | Build | House |
| 8:00 | Build | House |
| 8:25 | Build | Mill |
| 8:34 | Research | Feudal Age |
| 8:35 | Research | Feudal Age |
| 9:24 | Build | Barracks |
| 9:51 | Queue | Villager (Male) |
| 10:09 | Research | Loom |
| 10:09 | Queue | Villager (Male) |
| 10:15 | Build | Farm |
| 10:18 | Build | Farm |
| 10:19 | Build | Farm |
| 10:44 | Age | Feudal Age |
| 10:48 | Build | Stable |
| 11:04 | Queue | Villager (Male) |
| 11:09 | Research | Bow Saw |
| 11:20 | Research | Horse Collar |
| 11:34 | Queue | Scout Cavalry |
| 11:34 | Queue | Scout Cavalry |
| 11:53 | Queue | Villager (Male) |
| 11:53 | Queue | Villager (Male) |
| 12:04 | Build | House |
| 12:07 | Build | House |
| 12:11 | Build | Palisade Wall |
| 12:12 | Build | Palisade Wall |
| 12:14 | Build | Palisade Wall |
| 12:18 | Build | Palisade Wall |
| 12:21 | Queue | Villager (Male) |
| 12:41 | Build | House |
| 12:43 | Build | House |
| 12:49 | Build | Palisade Wall |
| 12:52 | Queue | Villager (Male) |
| 12:55 | Build | Farm |
| 12:57 | Build | Farm |
| 12:59 | Build | Farm |
| 13:02 | Queue | Villager (Male) |
| 13:02 | Queue | Villager (Male) |
| 13:24 | Build | Blacksmith |
| 13:26 | Build | House |
| 13:31 | Queue | Scout Cavalry |
| 13:33 | Queue | Villager (Male) |
| 13:48 | Queue | Scout Cavalry |
| 13:49 | Queue | Villager (Male) |
| 14:07 | Research | Scale Barding Armor |
| 14:12 | Queue | Villager (Male) |
| 14:15 | Build | Farm |
| 14:18 | Build | Farm |
| 14:27 | Queue | Scout Cavalry |
| 14:29 | Queue | Villager (Male) |
| 15:01 | Build | Farm |
| 15:02 | Build | Farm |
| 15:03 | Build | Farm |
| 15:23 | Build | Palisade Gate |
| 15:32 | Build | Farm |
| 15:34 | Build | Farm |
| 16:00 | Queue | Spearman |
| 16:06 | Queue | Scout Cavalry |
| 16:06 | Queue | Scout Cavalry |
| 16:27 | Queue | Villager (Male) |
| 16:35 | Build | Farm |
| 16:40 | Queue | Spearman |
| 17:08 | Build | House |
| 17:09 | Build | House |
| 17:10 | Build | House |
| 17:22 | Queue | Villager (Male) |
| 17:22 | Queue | Villager (Male) |
| 17:29 | Build | Farm |
| 17:30 | Build | Farm |
| 17:31 | Build | Farm |
| 17:37 | Build | Farm |
| 17:38 | Build | Farm |
| 17:41 | Build | Farm |
| 17:42 | Build | Farm |
| 17:48 | Queue | Scout Cavalry |
| 18:01 | Build | Market |
| 18:12 | Queue | Scout Cavalry |
| 18:14 | Queue | Villager (Male) |
| 18:39 | Build | Palisade Wall |
| 18:41 | Build | Palisade Wall |
| 18:49 | Build | House |
| 19:00 | Research | Forging |
| 19:02 | Queue | Scout Cavalry |
| 19:02 | Queue | Scout Cavalry |
| 19:06 | Build | House |
| 19:17 | Queue | Scout Cavalry |
| 19:38 | Build | Farm |
| 19:39 | Build | Farm |
| 19:42 | Build | Farm |
| 19:46 | Queue | Villager (Male) |
| 19:47 | Queue | Villager (Male) |
| 19:51 | Build | Lumber Camp |
| 20:11 | Queue | Scout Cavalry |
| 20:12 | Queue | Villager (Male) |
| 20:49 | Build | Farm |
| 20:51 | Build | Farm |
| 20:52 | Queue | Villager (Male) |
| 21:01 | Queue | Scout Cavalry |
| 21:01 | Queue | Scout Cavalry |
| 21:25 | Build | Farm |
| 21:29 | Build | Farm |
| 21:43 | Build | House |
| 21:48 | Build | House |
| 22:06 | Queue | Scout Cavalry |
| 22:06 | Queue | Scout Cavalry |
| 22:26 | Build | House |
| 22:28 | Build | Farm |
| 22:38 | Research | Castle Age |
| 22:38 | Research | Castle Age |
| 22:48 | Research | Gold Mining |
Build order — MuyFloji
First 150 of 679 actions detected
| 0:01 | Research | Loom |
| 0:04 | Build | House |
| 0:05 | Build | House |
| 0:25 | Queue | Villager (Male) |
| 0:35 | Queue | Villager (Male) |
| 0:44 | Queue | Villager (Male) |
| 1:23 | Queue | Villager (Male) |
| 1:45 | Build | Lumber Camp |
| 1:50 | Queue | Villager (Male) |
| 2:05 | Queue | Villager (Male) |
| 2:50 | Queue | Villager (Male) |
| 3:06 | Build | House |
| 3:17 | Queue | Villager (Male) |
| 3:27 | Queue | Villager (Male) |
| 3:58 | Queue | Villager (Male) |
| 4:35 | Queue | Villager (Male) |
| 4:35 | Queue | Villager (Male) |
| 5:10 | Queue | Villager (Male) |
| 5:20 | Queue | Villager (Male) |
| 5:29 | Build | Mining Camp |
| 5:36 | Build | Mining Camp |
| 6:01 | Queue | Villager (Male) |
| 6:53 | Research | Feudal Age |
| 6:53 | Research | Feudal Age |
| 7:35 | Build | House |
| 7:46 | Build | Barracks |
| 7:57 | Queue | Villager (Male) |
| 8:40 | Queue | Villager (Male) |
| 9:03 | Age | Feudal Age |
| 9:07 | Build | Archery Range |
| 9:18 | Queue | Villager (Male) |
| 9:30 | Queue | Villager (Male) |
| 9:34 | Build | House |
| 9:36 | Build | House |
| 9:55 | Build | Archery Range |
| 10:19 | Queue | Archer |
| 10:19 | Queue | Archer |
| 10:19 | Queue | Archer |
| 10:19 | Queue | Archer |
| 10:20 | Queue | Villager (Male) |
| 10:23 | Build | House |
| 10:50 | Queue | Archer |
| 10:52 | Queue | Villager (Male) |
| 10:52 | Queue | Archer |
| 11:14 | Build | Mill |
| 11:22 | Build | House |
| 11:28 | Queue | Archer |
| 11:47 | Build | House |
| 11:49 | Queue | Archer |
| 11:50 | Queue | Archer |
| 11:55 | Build | Farm |
| 11:56 | Build | Farm |
| 12:01 | Queue | Villager (Male) |
| 12:06 | Queue | Archer |
| 12:07 | Queue | Archer |
| 12:25 | Build | Blacksmith |
| 12:28 | Queue | Archer |
| 12:28 | Queue | Archer |
| 12:53 | Queue | Villager (Male) |
| 12:56 | Build | Farm |
| 12:58 | Queue | Archer |
| 12:58 | Queue | Archer |
| 12:58 | Queue | Archer |
| 13:10 | Queue | Villager (Male) |
| 13:12 | Build | House |
| 13:15 | Build | Farm |
| 13:16 | Build | Farm |
| 13:45 | Build | House |
| 13:47 | Queue | Archer |
| 13:47 | Queue | Villager (Male) |
| 13:50 | Build | Farm |
| 14:08 | Queue | Villager (Male) |
| 14:11 | Build | Farm |
| 14:13 | Build | Farm |
| 14:26 | Queue | Villager (Male) |
| 14:36 | Queue | Archer |
| 14:41 | Build | Farm |
| 14:59 | Research | Fletching |
| 14:59 | Research | Fletching |
| 15:03 | Build | House |
| 15:06 | Build | Farm |
| 15:07 | Queue | Archer |
| 15:08 | Queue | Archer |
| 15:16 | Queue | Villager (Male) |
| 15:28 | Build | Palisade Gate |
| 15:29 | Build | House |
| 15:31 | Build | House |
| 15:32 | Build | Palisade Wall |
| 15:36 | Queue | Villager (Male) |
| 15:43 | Queue | Archer |
| 15:44 | Queue | Archer |
| 15:59 | Build | House |
| 16:01 | Queue | Archer |
| 16:02 | Queue | Villager (Male) |
| 16:06 | Queue | Villager (Male) |
| 16:18 | Queue | Villager (Male) |
| 16:23 | Queue | Archer |
| 16:23 | Queue | Archer |
| 16:23 | Queue | Villager (Male) |
| 16:31 | Queue | Villager (Male) |
| 16:37 | Queue | Villager (Male) |
| 16:48 | Queue | Villager (Male) |
| 16:50 | Build | Farm |
| 16:59 | Queue | Villager (Male) |
| 17:02 | Build | Farm |
| 17:09 | Queue | Archer |
| 17:09 | Queue | Archer |
| 17:09 | Queue | Villager (Male) |
| 17:21 | Queue | Villager (Male) |
| 17:24 | Build | Farm |
| 17:26 | Build | House |
| 17:27 | Build | House |
| 17:29 | Build | Palisade Wall |
| 17:46 | Queue | Villager (Male) |
| 17:57 | Queue | Archer |
| 17:57 | Queue | Archer |
| 17:58 | Queue | Archer |
| 18:05 | Build | Farm |
| 18:06 | Build | Farm |
| 18:14 | Build | Farm |
| 18:17 | Queue | Archer |
| 19:03 | Queue | Archer |
| 19:03 | Queue | Archer |
| 19:04 | Queue | Villager (Male) |
| 19:29 | Build | Market |
| 19:35 | Queue | Archer |
| 19:35 | Queue | Archer |
| 19:35 | Queue | Villager (Male) |
| 19:41 | Build | House |
| 20:01 | Queue | Villager (Male) |
| 20:06 | Queue | Archer |
| 20:06 | Queue | Archer |
| 20:34 | Queue | Villager (Male) |
| 20:51 | Research | Castle Age |
| 21:26 | Queue | Villager (Male) |
| 21:27 | Queue | Archer |
| 21:42 | Build | Archery Range |
| 21:47 | Queue | Archer |
| 21:47 | Queue | Archer |
| 21:48 | Queue | Archer |
| 21:48 | Queue | Archer |
| 21:48 | Queue | Villager (Male) |
| 21:56 | Research | Double-Bit Axe |
| 22:08 | Build | Lumber Camp |
| 22:14 | Build | House |
| 22:22 | Research | Padded Archer Armor |
| 22:31 | Queue | Archer |
| 22:32 | Queue | Archer |
| 22:32 | Queue | Archer |
| 22:46 | Queue | Archer |
Build order — zhazhahui
First 150 of 442 actions detected
| 0:00 | Queue | Villager (Male) |
| 0:03 | Build | House |
| 0:04 | Build | House |
| 0:04 | Queue | Villager (Male) |
| 0:04 | Queue | Villager (Male) |
| 0:32 | Queue | Villager (Male) |
| 1:20 | Build | Lumber Camp |
| 1:33 | Queue | Villager (Male) |
| 1:53 | Queue | Villager (Male) |
| 2:31 | Queue | Villager (Male) |
| 2:31 | Queue | Villager (Male) |
| 2:54 | Queue | Villager (Male) |
| 3:26 | Queue | Villager (Male) |
| 3:27 | Queue | Villager (Male) |
| 3:53 | Queue | Villager (Male) |
| 3:58 | Build | House |
| 3:59 | Queue | Villager (Male) |
| 4:34 | Queue | Villager (Male) |
| 4:39 | Queue | Villager (Male) |
| 4:46 | Queue | Villager (Male) |
| 5:06 | Queue | Villager (Male) |
| 5:19 | Build | Mill |
| 5:39 | Queue | Villager (Male) |
| 5:39 | Queue | Villager (Male) |
| 5:39 | Queue | Villager (Male) |
| 5:44 | Queue | Villager (Male) |
| 6:11 | Queue | Villager (Male) |
| 6:19 | Queue | Villager (Male) |
| 6:20 | Queue | Villager (Male) |
| 6:32 | Research | Loom |
| 6:56 | Queue | Villager (Male) |
| 6:56 | Queue | Villager (Male) |
| 7:06 | Research | Feudal Age |
| 7:07 | Research | Feudal Age |
| 7:15 | Build | House |
| 8:04 | Queue | Villager (Male) |
| 8:12 | Build | Barracks |
| 8:16 | Queue | Villager (Male) |
| 8:17 | Queue | Villager (Male) |
| 8:26 | Queue | Villager (Male) |
| 8:33 | Queue | Villager (Male) |
| 9:06 | Queue | Villager (Male) |
| 9:16 | Build | Mining Camp |
| 9:17 | Queue | Villager (Male) |
| 9:21 | Age | Feudal Age |
| 9:37 | Queue | Villager (Male) |
| 9:53 | Build | House |
| 9:54 | Queue | Villager (Male) |
| 9:55 | Queue | Villager (Male) |
| 9:57 | Queue | Villager (Male) |
| 10:01 | Queue | Villager (Male) |
| 10:09 | Build | Archery Range |
| 10:13 | Queue | Villager (Male) |
| 10:15 | Queue | Villager (Male) |
| 10:23 | Build | Palisade Wall |
| 10:23 | Queue | Villager (Male) |
| 10:28 | Queue | Villager (Male) |
| 10:29 | Queue | Villager (Male) |
| 10:32 | Queue | Villager (Male) |
| 10:45 | Build | Mill |
| 10:49 | Queue | Villager (Male) |
| 10:55 | Build | Palisade Wall |
| 11:00 | Build | Palisade Wall |
| 11:02 | Queue | Villager (Male) |
| 11:03 | Queue | Archer |
| 11:04 | Queue | Archer |
| 11:16 | Build | Palisade Wall |
| 11:17 | Queue | Villager (Male) |
| 11:25 | Build | Palisade Wall |
| 11:32 | Queue | Archer |
| 11:32 | Queue | Archer |
| 11:35 | Build | House |
| 11:39 | Queue | Archer |
| 11:39 | Queue | Archer |
| 11:44 | Queue | Archer |
| 12:03 | Build | Archery Range |
| 12:33 | Queue | Villager (Male) |
| 12:39 | Build | Lumber Camp |
| 12:40 | Queue | Villager (Male) |
| 12:42 | Queue | Archer |
| 12:42 | Queue | Archer |
| 12:44 | Queue | Villager (Male) |
| 12:44 | Queue | Villager (Male) |
| 13:12 | Queue | Archer |
| 13:19 | Build | Blacksmith |
| 13:29 | Research | Double-Bit Axe |
| 13:29 | Research | Double-Bit Axe |
| 13:31 | Queue | Archer |
| 13:31 | Queue | Archer |
| 13:37 | Build | House |
| 13:42 | Build | House |
| 13:44 | Queue | Villager (Male) |
| 13:45 | Queue | Archer |
| 13:46 | Queue | Archer |
| 13:46 | Queue | Archer |
| 13:48 | Queue | Villager (Male) |
| 13:56 | Build | House |
| 13:58 | Build | House |
| 14:03 | Queue | Archer |
| 14:26 | Queue | Archer |
| 14:36 | Build | Farm |
| 14:42 | Build | House |
| 14:46 | Build | Farm |
| 14:49 | Build | Farm |
| 14:54 | Queue | Archer |
| 14:57 | Build | Farm |
| 15:02 | Build | Farm |
| 15:05 | Queue | Archer |
| 15:11 | Queue | Villager (Male) |
| 15:14 | Research | Gold Mining |
| 15:27 | Build | Farm |
| 15:36 | Research | Fletching |
| 15:37 | Research | Fletching |
| 15:46 | Queue | Archer |
| 15:54 | Build | Farm |
| 15:59 | Queue | Villager (Male) |
| 16:22 | Research | Padded Archer Armor |
| 16:22 | Research | Padded Archer Armor |
| 16:42 | Build | Farm |
| 16:51 | Queue | Archer |
| 16:52 | Queue | Archer |
| 16:52 | Queue | Archer |
| 17:08 | Build | House |
| 17:26 | Research | Wheelbarrow |
| 17:33 | Build | House |
| 17:34 | Build | House |
| 17:38 | Build | House |
| 17:40 | Build | House |
| 17:43 | Build | Palisade Wall |
| 17:53 | Queue | Archer |
| 17:53 | Queue | Archer |
| 17:53 | Queue | Archer |
| 17:53 | Queue | Archer |
| 17:55 | Queue | Villager (Male) |
| 18:07 | Research | Horse Collar |
| 18:07 | Research | Horse Collar |
| 18:26 | Build | House |
| 18:34 | Queue | Archer |
| 18:34 | Queue | Archer |
| 18:34 | Queue | Archer |
| 18:34 | Queue | Archer |
| 18:58 | Queue | Villager (Male) |
| 19:13 | Queue | Villager (Male) |
| 19:15 | Build | Farm |
| 19:16 | Queue | Villager (Male) |
| 19:20 | Queue | Villager (Male) |
| 19:22 | Build | Farm |
| 19:23 | Build | Farm |
| 19:25 | Build | Farm |
| 19:27 | Build | Farm |
Build order — jimmy211211
First 150 of 343 actions detected
| 0:02 | Queue | Villager (Male) ×4 |
| 0:04 | Build | House |
| 0:05 | Build | House |
| 1:24 | Queue | Villager (Male) |
| 2:09 | Queue | Villager (Male) |
| 2:19 | Queue | Villager (Male) |
| 2:20 | Queue | Villager (Male) |
| 2:52 | Queue | Villager (Male) |
| 2:52 | Queue | Villager (Male) |
| 3:07 | Build | House |
| 3:09 | Build | Lumber Camp |
| 3:11 | Queue | Villager (Male) |
| 3:12 | Queue | Villager (Male) |
| 3:50 | Queue | Villager (Male) |
| 3:53 | Queue | Villager (Male) |
| 3:53 | Queue | Villager (Male) |
| 4:23 | Queue | Villager (Male) |
| 4:32 | Queue | Villager (Male) |
| 4:32 | Queue | Villager (Male) |
| 5:05 | Queue | Villager (Male) |
| 5:08 | Queue | Villager (Male) |
| 5:44 | Build | Mill |
| 6:19 | Queue | Villager (Male) |
| 6:35 | Research | Loom |
| 6:57 | Build | Mining Camp |
| 7:04 | Build | Mining Camp |
| 7:16 | Research | Feudal Age |
| 7:44 | Build | Palisade Wall |
| 7:46 | Build | Palisade Wall |
| 7:53 | Build | Palisade Wall |
| 7:55 | Build | Palisade Wall |
| 8:32 | Queue | Villager (Male) |
| 9:12 | Build | Barracks |
| 9:14 | Build | House |
| 9:26 | Age | Feudal Age |
| 9:38 | Queue | Villager (Male) |
| 9:43 | Research | Wheelbarrow |
| 9:56 | Build | Watch Tower |
| 10:01 | Build | House |
| 10:06 | Queue | Villager (Male) |
| 10:06 | Queue | Villager (Male) |
| 10:20 | Build | Palisade Wall |
| 10:31 | Build | House |
| 10:33 | Build | House |
| 10:46 | Queue | Villager (Male) |
| 10:46 | Queue | Villager (Male) |
| 11:31 | Queue | Villager (Male) |
| 11:35 | Build | Archery Range |
| 12:00 | Queue | Villager (Male) |
| 12:10 | Queue | Archer |
| 12:11 | Queue | Archer |
| 12:11 | Queue | Archer |
| 12:11 | Queue | Archer |
| 12:12 | Queue | Archer |
| 12:33 | Queue | Archer |
| 12:56 | Build | Archery Range |
| 13:04 | Queue | Archer |
| 13:06 | Queue | Villager (Male) |
| 13:41 | Build | Palisade Wall |
| 13:48 | Queue | Villager (Male) |
| 13:52 | Queue | Archer |
| 13:52 | Queue | Archer |
| 13:52 | Queue | Archer |
| 13:53 | Queue | Archer |
| 13:53 | Queue | Archer |
| 13:54 | Queue | Archer |
| 13:55 | Queue | Archer |
| 13:57 | Queue | Villager (Male) |
| 14:11 | Build | Mill |
| 14:44 | Build | Blacksmith |
| 14:46 | Build | House |
| 14:47 | Build | House |
| 14:49 | Build | House |
| 14:51 | Queue | Villager (Male) |
| 15:04 | Queue | Archer |
| 15:04 | Queue | Archer |
| 15:05 | Queue | Archer |
| 15:07 | Queue | Villager (Male) |
| 15:38 | Queue | Archer |
| 15:38 | Queue | Archer |
| 15:53 | Queue | Villager (Male) |
| 16:02 | Build | House |
| 16:03 | Build | House |
| 16:05 | Build | House |
| 16:13 | Queue | Archer |
| 16:13 | Queue | Archer |
| 16:14 | Queue | Archer |
| 16:14 | Queue | Archer |
| 16:36 | Queue | Villager (Male) |
| 17:03 | Research | Fletching |
| 17:20 | Build | Farm |
| 17:20 | Build | Farm |
| 17:24 | Build | Farm |
| 17:25 | Build | Farm |
| 17:25 | Build | Farm |
| 17:28 | Queue | Archer |
| 17:28 | Queue | Archer |
| 17:34 | Queue | Villager (Male) |
| 17:34 | Queue | Villager (Male) |
| 17:40 | Build | House |
| 17:50 | Queue | Archer |
| 18:00 | Queue | Archer |
| 18:15 | Research | Padded Archer Armor |
| 18:21 | Build | Farm |
| 18:36 | Queue | Villager (Male) |
| 18:37 | Queue | Villager (Male) |
| 18:54 | Queue | Archer |
| 18:54 | Queue | Archer |
| 19:11 | Queue | Villager (Male) |
| 19:19 | Build | Palisade Gate |
| 19:22 | Queue | Villager (Male) |
| 19:31 | Queue | Archer |
| 19:32 | Queue | Archer |
| 19:32 | Queue | Archer |
| 19:35 | Queue | Villager (Male) |
| 19:54 | Queue | Villager (Male) |
| 19:57 | Build | Farm |
| 19:57 | Build | Farm |
| 20:37 | Queue | Villager (Male) |
| 20:43 | Build | Farm |
| 20:44 | Build | Farm |
| 20:48 | Queue | Archer |
| 20:48 | Queue | Archer |
| 20:48 | Queue | Archer |
| 20:51 | Queue | Villager (Male) |
| 21:06 | Build | Lumber Camp |
| 21:18 | Build | Farm |
| 22:03 | Queue | Villager (Male) |
| 22:19 | Queue | Villager (Male) |
| 22:25 | Build | Mining Camp |
| 22:34 | Build | House |
| 22:35 | Build | House |
| 23:13 | Research | Castle Age |
| 23:32 | Queue | Archer |
| 23:32 | Queue | Archer |
| 23:32 | Queue | Archer |
| 23:34 | Build | Lumber Camp |
| 23:37 | Research | Double-Bit Axe |
| 23:45 | Research | Horse Collar |
| 24:20 | Queue | Archer |
| 24:20 | Queue | Archer |
| 24:20 | Queue | Archer |
| 24:21 | Queue | Archer |
| 24:29 | Build | House |
| 24:36 | Build | House |
| 24:37 | Build | House |
| 24:39 | Build | House |
| 25:48 | Queue | Villager (Male) |
| 25:53 | Age | Castle Age |
| 25:56 | Research | Crossbowman (upgrade) |
Build order — 鸭子
First 150 of 526 actions detected
| 0:04 | Build | House |
| 0:04 | Queue | Villager (Male) |
| 0:05 | Queue | Villager (Male) |
| 0:07 | Build | House |
| 0:08 | Queue | Villager (Male) |
| 0:15 | Queue | Villager (Male) |
| 1:23 | Build | Lumber Camp |
| 1:38 | Queue | Villager (Male) |
| 2:09 | Queue | Villager (Male) |
| 2:31 | Queue | Villager (Male) |
| 2:52 | Queue | Villager (Male) |
| 3:20 | Queue | Villager (Male) |
| 3:41 | Build | House |
| 3:48 | Research | Loom |
| 4:04 | Queue | Villager (Male) |
| 4:41 | Queue | Villager (Male) |
| 4:46 | Queue | Villager (Male) |
| 5:26 | Queue | Villager (Male) |
| 5:34 | Build | Mill |
| 5:45 | Queue | Villager (Male) |
| 6:04 | Queue | Villager (Male) |
| 6:12 | Build | House |
| 6:45 | Queue | Villager (Male) |
| 7:32 | Queue | Villager (Male) |
| 7:56 | Research | Feudal Age |
| 8:02 | Build | Barracks |
| 8:57 | Build | House |
| 9:02 | Build | House |
| 9:26 | Queue | Villager (Male) |
| 10:07 | Age | Feudal Age |
| 10:09 | Build | Stable |
| 10:17 | Build | Blacksmith |
| 10:22 | Build | House |
| 10:32 | Queue | Villager (Male) |
| 10:50 | Build | Mill |
| 11:02 | Queue | Scout Cavalry |
| 11:11 | Queue | Scout Cavalry |
| 11:17 | Research | Forging |
| 11:38 | Queue | Villager (Male) |
| 11:39 | Queue | Villager (Male) |
| 11:56 | Build | Palisade Wall |
| 11:56 | Build | Palisade Wall |
| 12:12 | Build | Palisade Wall |
| 12:17 | Queue | Villager (Male) |
| 12:21 | Build | House |
| 12:22 | Queue | Scout Cavalry |
| 12:40 | Queue | Villager (Male) |
| 12:49 | Build | Palisade Gate |
| 12:58 | Research | Scale Barding Armor |
| 12:58 | Research | Scale Barding Armor |
| 13:03 | Queue | Villager (Male) |
| 13:24 | Build | Farm |
| 13:51 | Build | Farm |
| 13:59 | Queue | Villager (Male) |
| 14:17 | Queue | Villager (Male) |
| 14:27 | Queue | Scout Cavalry |
| 14:30 | Build | Farm |
| 14:30 | Queue | Villager (Male) |
| 14:37 | Build | House |
| 14:42 | Queue | Scout Cavalry |
| 14:54 | Build | Farm |
| 15:15 | Queue | Villager (Male) |
| 15:17 | Build | Farm |
| 15:26 | Build | Mining Camp |
| 15:38 | Queue | Villager (Male) |
| 15:45 | Build | Palisade Wall |
| 15:49 | Build | Palisade Gate |
| 15:55 | Queue | Villager (Male) |
| 15:58 | Queue | Scout Cavalry |
| 16:07 | Queue | Villager (Male) |
| 16:09 | Build | Farm |
| 16:12 | Research | Double-Bit Axe |
| 16:22 | Build | Lumber Camp |
| 16:40 | Build | Farm |
| 16:53 | Queue | Villager (Male) |
| 17:08 | Queue | Villager (Male) |
| 17:15 | Build | Farm |
| 17:25 | Queue | Villager (Male) |
| 17:32 | Build | Farm |
| 17:32 | Build | Farm |
| 17:33 | Build | Farm |
| 17:50 | Build | Stable |
| 18:04 | Build | Farm |
| 18:05 | Research | Horse Collar |
| 18:10 | Research | Bloodlines |
| 18:14 | Queue | Scout Cavalry |
| 18:17 | Build | Farm |
| 18:19 | Queue | Villager (Male) |
| 18:22 | Build | House |
| 18:36 | Queue | Villager (Male) |
| 18:52 | Build | Farm |
| 19:00 | Build | House |
| 19:11 | Build | House |
| 19:16 | Build | Farm |
| 19:18 | Queue | Villager (Male) |
| 19:27 | Build | Market |
| 19:48 | Build | Farm |
| 19:50 | Build | Farm |
| 19:52 | Build | Farm |
| 20:10 | Queue | Villager (Male) |
| 20:54 | Build | Farm |
| 21:06 | Queue | Villager (Male) |
| 21:46 | Build | Farm |
| 21:49 | Research | Castle Age |
| 22:08 | Research | Gold Mining |
| 22:09 | Research | Gold Mining |
| 23:20 | Build | Stable |
| 23:24 | Queue | Villager (Male) |
| 23:28 | Build | Farm |
| 23:45 | Queue | Camel Scout |
| 23:45 | Queue | Camel Scout |
| 23:48 | Queue | Villager (Male) |
| 23:58 | Queue | Camel Scout |
| 23:59 | Queue | Camel Scout |
| 24:29 | Age | Castle Age |
| 24:36 | Research | Husbandry |
| 24:36 | Research | Husbandry |
| 24:48 | Queue | Camel Scout |
| 24:49 | Queue | Camel Scout |
| 24:50 | Queue | Camel Scout |
| 25:01 | Queue | Shrivamsha Rider |
| 25:17 | Build | Farm |
| 25:32 | Build | Farm |
| 25:42 | Build | Town Center |
| 25:55 | Queue | Shrivamsha Rider |
| 25:56 | Queue | Shrivamsha Rider |
| 26:00 | Research | Iron Casting |
| 26:01 | Research | Iron Casting |
| 26:02 | Queue | Villager (Male) |
| 26:03 | Queue | Villager (Male) |
| 26:08 | Build | Town Center |
| 26:26 | Queue | Shrivamsha Rider |
| 26:27 | Queue | Shrivamsha Rider |
| 26:27 | Queue | Shrivamsha Rider |
| 26:27 | Queue | Shrivamsha Rider |
| 26:36 | Queue | Villager (Male) |
| 26:36 | Queue | Villager (Male) |
| 26:40 | Build | Farm |
| 26:42 | Queue | Villager (Male) |
| 27:00 | Queue | Villager (Male) |
| 27:06 | Queue | Villager (Male) |
| 27:09 | Queue | Shrivamsha Rider |
| 27:10 | Queue | Shrivamsha Rider |
| 27:21 | Build | House |
| 27:23 | Build | House |
| 27:32 | Queue | Villager (Male) |
| 27:34 | Queue | Villager (Male) |
| 27:34 | Queue | Villager (Male) |
| 27:45 | Research | Chain Barding Armor |
| 27:45 | Research | Chain Barding Armor |
Build order — 局局卡子
First 150 of 719 actions detected
| 0:02 | Queue | Villager (Male) |
| 0:03 | Queue | Villager (Male) |
| 0:04 | Build | House |
| 0:05 | Build | House |
| 0:28 | Queue | Villager (Male) |
| 0:28 | Queue | Villager (Male) |
| 0:46 | Queue | Villager (Male) |
| 1:38 | Queue | Villager (Male) |
| 1:45 | Build | Lumber Camp |
| 1:57 | Queue | Villager (Male) |
| 2:25 | Queue | Villager (Male) |
| 2:42 | Queue | Villager (Male) |
| 3:18 | Build | House |
| 3:21 | Queue | Villager (Male) |
| 3:40 | Build | Mill |
| 3:58 | Queue | Villager (Male) |
| 4:14 | Queue | Villager (Male) |
| 4:30 | Queue | Villager (Male) |
| 4:42 | Queue | Villager (Male) |
| 5:11 | Queue | Villager (Male) |
| 5:14 | Research | Loom |
| 6:00 | Queue | Villager (Male) |
| 6:28 | Build | House |
| 6:29 | Build | Palisade Wall |
| 6:34 | Research | Feudal Age |
| 6:35 | Research | Feudal Age |
| 7:18 | Build | Barracks |
| 7:29 | Build | Palisade Wall |
| 7:31 | Build | Palisade Wall |
| 7:37 | Queue | Villager (Male) |
| 7:55 | Build | House |
| 7:59 | Build | Palisade Wall |
| 8:26 | Queue | Villager (Male) |
| 8:38 | Age | Feudal Age |
| 8:53 | Build | Stable |
| 9:05 | Research | Double-Bit Axe |
| 9:07 | Queue | Villager (Male) |
| 9:45 | Queue | Villager (Male) |
| 9:46 | Queue | Scout Cavalry |
| 9:47 | Queue | Scout Cavalry |
| 9:52 | Research | Horse Collar |
| 10:13 | Build | Palisade Wall |
| 10:16 | Queue | Villager (Male) |
| 10:21 | Build | Farm |
| 10:33 | Queue | Villager (Male) |
| 10:37 | Build | Farm |
| 10:45 | Queue | Scout Cavalry |
| 10:46 | Queue | Villager (Male) |
| 10:54 | Build | Palisade Wall |
| 10:55 | Build | Palisade Wall |
| 11:10 | Build | Farm |
| 11:15 | Queue | Villager (Male) |
| 11:27 | Build | Farm |
| 11:38 | Build | Farm |
| 11:39 | Queue | Villager (Male) |
| 11:51 | Build | House |
| 11:54 | Research | Town Watch |
| 12:04 | Build | Farm |
| 12:11 | Queue | Scout Cavalry |
| 12:19 | Build | Farm |
| 12:20 | Queue | Villager (Male) |
| 12:35 | Build | Lumber Camp |
| 12:42 | Queue | Villager (Male) |
| 12:51 | Build | Farm |
| 13:04 | Queue | Villager (Male) |
| 13:09 | Build | Farm |
| 13:18 | Build | House |
| 13:27 | Queue | Villager (Male) |
| 13:35 | Build | Farm |
| 13:42 | Build | Farm |
| 13:45 | Queue | Villager (Male) |
| 14:03 | Build | Farm |
| 14:06 | Build | Farm |
| 14:13 | Queue | Spearman |
| 14:17 | Build | House |
| 14:24 | Queue | Villager (Male) |
| 14:28 | Build | Farm |
| 14:31 | Build | House |
| 14:32 | Build | House |
| 14:32 | Build | Palisade Wall |
| 14:38 | Queue | Scout Cavalry |
| 14:41 | Build | Palisade Wall |
| 14:51 | Queue | Villager (Male) |
| 14:53 | Build | Farm |
| 15:02 | Build | Farm |
| 15:09 | Queue | Villager (Male) |
| 15:14 | Build | Palisade Wall |
| 15:22 | Queue | Villager (Male) |
| 15:26 | Build | Mining Camp |
| 15:32 | Build | Farm |
| 15:38 | Build | Farm |
| 15:52 | Build | Farm |
| 16:00 | Queue | Villager (Male) |
| 16:14 | Build | Farm |
| 16:18 | Queue | Villager (Male) |
| 16:27 | Queue | Scout Cavalry |
| 16:34 | Research | Bloodlines |
| 16:34 | Research | Bloodlines |
| 16:38 | Build | Farm |
| 16:42 | Queue | Villager (Male) |
| 16:54 | Build | House |
| 16:54 | Build | House |
| 17:11 | Queue | Villager (Male) |
| 17:28 | Build | Blacksmith |
| 17:32 | Queue | Villager (Male) |
| 17:39 | Build | Farm |
| 17:58 | Research | Wheelbarrow |
| 18:01 | Research | Scale Barding Armor |
| 18:52 | Build | Farm |
| 19:33 | Build | Watch Tower |
| 19:44 | Research | Castle Age |
| 19:45 | Research | Castle Age |
| 20:01 | Build | House |
| 20:19 | Build | House |
| 20:35 | Research | Forging |
| 20:39 | Build | Stable |
| 20:51 | Research | Gold Mining |
| 21:44 | Build | Palisade Wall |
| 21:49 | Queue | Villager (Male) |
| 22:10 | Age | Castle Age |
| 22:11 | Queue | Knight |
| 22:12 | Queue | Knight |
| 22:22 | Build | Market |
| 22:32 | Research | Chain Barding Armor |
| 22:35 | Research | Gold Shaft Mining |
| 22:36 | Queue | Villager (Male) |
| 22:40 | Research | Bow Saw |
| 22:43 | Queue | Villager (Male) |
| 23:21 | Build | Town Center |
| 23:23 | Queue | Villager (Male) |
| 23:24 | Queue | Villager (Male) |
| 23:27 | Queue | Knight |
| 23:27 | Queue | Knight |
| 23:34 | Queue | Villager (Male) |
| 23:35 | Research | Heavy Plow |
| 23:39 | Build | House |
| 23:54 | Research | Husbandry |
| 23:54 | Research | Husbandry |
| 24:03 | Queue | Villager (Male) |
| 24:14 | Queue | Knight |
| 24:14 | Queue | Knight |
| 24:20 | Build | Farm |
| 24:32 | Build | House |
| 24:34 | Build | House |
| 24:50 | Queue | Knight |
| 24:50 | Queue | Knight |
| 24:52 | Queue | Villager (Male) |
| 24:52 | Queue | Villager (Male) |
| 25:03 | Queue | Villager (Male) |
| 25:07 | Queue | Villager (Male) |
Build order — PrimordiaL_
First 150 of 614 actions detected
| 0:04 | Build | House |
| 0:05 | Build | House |
| 0:06 | Queue | Villager (Male) |
| 0:09 | Queue | Villager (Male) |
| 0:22 | Queue | Villager (Male) |
| 0:22 | Queue | Villager (Male) |
| 0:23 | Queue | Villager (Male) |
| 1:38 | Queue | Villager (Male) |
| 2:01 | Build | Lumber Camp |
| 2:04 | Queue | Villager (Male) |
| 2:27 | Queue | Villager (Male) |
| 2:52 | Queue | Villager (Male) |
| 3:12 | Queue | Villager (Male) |
| 3:35 | Build | House |
| 3:46 | Queue | Villager (Male) |
| 4:00 | Build | House |
| 4:06 | Queue | Villager (Male) |
| 4:31 | Queue | Villager (Male) |
| 4:47 | Build | Mill |
| 4:56 | Queue | Villager (Male) |
| 5:18 | Queue | Villager (Male) |
| 5:33 | Queue | Villager (Male) |
| 5:52 | Queue | Villager (Male) |
| 6:01 | Build | Mill |
| 6:32 | Research | Loom |
| 7:21 | Research | Feudal Age |
| 7:21 | Research | Feudal Age |
| 8:32 | Build | Barracks |
| 9:31 | Age | Feudal Age |
| 9:33 | Queue | Villager (Male) |
| 9:38 | Build | Stable |
| 10:01 | Queue | Villager (Male) |
| 10:02 | Queue | Villager (Male) |
| 10:16 | Build | House |
| 10:19 | Build | House |
| 10:21 | Build | Palisade Wall |
| 10:23 | Queue | Scout Cavalry |
| 10:23 | Queue | Scout Cavalry |
| 10:24 | Queue | Scout Cavalry |
| 10:24 | Queue | Scout Cavalry |
| 10:24 | Queue | Scout Cavalry |
| 10:24 | Queue | Scout Cavalry |
| 10:31 | Build | Farm |
| 10:39 | Build | Farm |
| 10:59 | Build | Palisade Wall |
| 11:01 | Queue | Scout Cavalry |
| 11:13 | Build | Farm |
| 11:14 | Queue | Villager (Male) |
| 11:14 | Queue | Villager (Male) |
| 11:35 | Queue | Villager (Male) |
| 11:40 | Build | House |
| 11:40 | Build | House |
| 11:43 | Queue | Spearman |
| 12:26 | Queue | Villager (Male) |
| 12:31 | Build | Palisade Wall |
| 12:32 | Queue | Villager (Male) |
| 12:34 | Build | Farm |
| 12:35 | Build | Farm |
| 12:36 | Queue | Villager (Male) |
| 12:56 | Build | Farm |
| 12:57 | Queue | Scout Cavalry |
| 13:02 | Build | House |
| 13:07 | Build | Palisade Wall |
| 13:29 | Queue | Villager (Male) |
| 13:30 | Build | Farm |
| 13:46 | Build | Farm |
| 13:51 | Build | Farm |
| 13:51 | Build | Farm |
| 13:54 | Queue | Villager (Male) |
| 14:08 | Queue | Spearman |
| 14:13 | Build | House |
| 14:18 | Build | Palisade Wall |
| 14:20 | Queue | Villager (Male) |
| 14:29 | Build | Farm |
| 14:38 | Queue | Villager (Male) |
| 14:45 | Queue | Villager (Male) |
| 15:00 | Build | Farm |
| 15:00 | Queue | Villager (Male) |
| 15:12 | Queue | Villager (Male) |
| 15:16 | Build | House |
| 15:20 | Build | Palisade Wall |
| 15:29 | Queue | Villager (Male) |
| 15:40 | Queue | Spearman |
| 16:01 | Queue | Villager (Male) |
| 16:05 | Build | Lumber Camp |
| 16:10 | Build | House |
| 16:14 | Build | Palisade Wall |
| 16:32 | Queue | Scout Cavalry |
| 16:32 | Queue | Scout Cavalry |
| 16:40 | Queue | Villager (Male) |
| 16:45 | Build | Farm |
| 16:51 | Build | Mining Camp |
| 16:59 | Queue | Scout Cavalry |
| 17:11 | Build | Blacksmith |
| 17:28 | Queue | Scout Cavalry |
| 17:34 | Build | House |
| 17:56 | Build | House |
| 17:57 | Build | House |
| 18:00 | Research | Forging |
| 18:02 | Queue | Villager (Male) |
| 18:02 | Queue | Villager (Male) |
| 18:04 | Build | Farm |
| 18:04 | Build | Farm |
| 18:06 | Build | Farm |
| 18:34 | Build | Farm |
| 18:35 | Queue | Villager (Male) |
| 18:47 | Build | Market |
| 19:08 | Build | Palisade Wall |
| 19:17 | Queue | Villager (Male) |
| 19:20 | Build | Farm |
| 19:22 | Build | Farm |
| 19:23 | Build | Farm |
| 19:44 | Queue | Villager (Male) |
| 19:45 | Queue | Villager (Male) |
| 20:19 | Build | Farm |
| 20:23 | Queue | Villager (Male) |
| 21:02 | Research | Castle Age |
| 21:02 | Research | Castle Age |
| 21:19 | Research | Gold Mining |
| 21:43 | Research | Scale Barding Armor |
| 21:50 | Build | Stable |
| 21:55 | Build | Stable |
| 23:42 | Age | Castle Age |
| 23:45 | Research | Chain Barding Armor |
| 23:47 | Research | Husbandry |
| 23:48 | Queue | Villager (Male) |
| 23:49 | Queue | Villager (Male) |
| 23:49 | Queue | Villager (Male) |
| 23:50 | Research | Double-Bit Axe |
| 23:55 | Build | Town Center |
| 23:58 | Queue | Knight |
| 23:59 | Queue | Knight |
| 23:59 | Queue | Knight |
| 23:59 | Queue | Knight |
| 24:14 | Build | Farm |
| 24:14 | Build | Farm |
| 24:20 | Queue | Knight |
| 24:20 | Queue | Knight |
| 25:01 | Queue | Knight |
| 25:01 | Queue | Knight |
| 25:01 | Queue | Knight |
| 25:03 | Queue | Villager (Male) |
| 25:03 | Queue | Villager (Male) |
| 25:03 | Queue | Villager (Male) |
| 25:05 | Build | Town Center |
| 25:28 | Queue | Villager (Male) |
| 25:28 | Queue | Villager (Male) |
| 25:28 | Queue | Villager (Male) |
| 25:34 | Queue | Knight |
| 25:34 | Queue | Knight |
Build order — dustbin
First 150 of 580 actions detected
| 0:01 | Queue | Villager (Male) |
| 0:01 | Queue | Villager (Male) |
| 0:02 | Build | House |
| 0:03 | Build | House |
| 0:11 | Queue | Villager (Male) |
| 0:12 | Queue | Villager (Male) |
| 1:18 | Queue | Villager (Male) |
| 1:18 | Queue | Villager (Male) |
| 2:06 | Queue | Villager (Male) |
| 2:06 | Queue | Villager (Male) |
| 2:25 | Build | Lumber Camp |
| 2:33 | Queue | Villager (Male) |
| 2:33 | Queue | Villager (Male) |
| 2:58 | Queue | Villager (Male) |
| 2:58 | Queue | Villager (Male) |
| 3:36 | Queue | Villager (Male) |
| 3:37 | Queue | Villager (Male) |
| 3:42 | Queue | Villager (Male) |
| 3:43 | Queue | Villager (Male) |
| 3:51 | Build | House |
| 4:23 | Queue | Villager (Male) |
| 4:23 | Queue | Villager (Male) |
| 4:30 | Build | House |
| 4:46 | Queue | Villager (Male) |
| 4:54 | Build | Mill |
| 5:44 | Queue | Villager (Male) |
| 5:44 | Queue | Villager (Male) |
| 5:44 | Queue | Villager (Male) |
| 5:45 | Queue | Villager (Male) |
| 6:30 | Build | Palisade Wall |
| 6:31 | Build | Palisade Wall |
| 6:31 | Build | Palisade Wall |
| 6:32 | Build | Palisade Wall |
| 6:51 | Research | Loom |
| 7:06 | Build | Mining Camp |
| 7:56 | Research | Feudal Age |
| 7:57 | Research | Feudal Age |
| 8:28 | Build | Palisade Wall |
| 8:29 | Build | Palisade Wall |
| 8:31 | Build | Palisade Wall |
| 8:49 | Build | Barracks |
| 9:34 | Build | Palisade Wall |
| 9:37 | Build | Palisade Wall |
| 10:06 | Queue | Villager (Male) |
| 10:06 | Age | Feudal Age |
| 10:14 | Queue | Villager (Male) |
| 10:26 | Build | Archery Range |
| 10:31 | Queue | Villager (Male) |
| 10:42 | Build | Watch Tower |
| 11:05 | Queue | Archer |
| 11:06 | Queue | Archer |
| 11:12 | Build | Palisade Wall |
| 11:16 | Build | House |
| 11:20 | Queue | Villager (Male) |
| 11:35 | Queue | Archer |
| 11:49 | Build | Mill |
| 11:54 | Build | Mill |
| 12:00 | Queue | Archer |
| 12:07 | Queue | Villager (Male) |
| 12:08 | Queue | Villager (Male) |
| 12:35 | Build | House |
| 12:49 | Queue | Villager (Male) |
| 12:51 | Queue | Archer |
| 13:01 | Build | Blacksmith |
| 13:18 | Build | Farm |
| 13:34 | Queue | Villager (Male) |
| 13:46 | Queue | Skirmisher |
| 14:03 | Queue | Spearman |
| 14:08 | Build | Palisade Wall |
| 14:11 | Queue | Archer |
| 14:16 | Build | House |
| 14:19 | Build | Palisade Gate |
| 14:21 | Queue | Villager (Male) |
| 14:24 | Build | Farm |
| 14:55 | Research | Fletching |
| 14:59 | Build | Farm |
| 15:01 | Build | Farm |
| 15:03 | Queue | Villager (Male) |
| 15:03 | Queue | Villager (Male) |
| 15:04 | Queue | Villager (Male) |
| 15:24 | Queue | Villager (Male) |
| 15:33 | Queue | Villager (Male) |
| 15:35 | Build | House |
| 15:40 | Research | Wheelbarrow |
| 15:43 | Queue | Archer |
| 15:44 | Queue | Archer |
| 15:50 | Build | House |
| 16:01 | Queue | Villager (Male) |
| 16:04 | Build | House |
| 16:28 | Queue | Archer |
| 16:32 | Queue | Villager (Male) |
| 16:38 | Research | Double-Bit Axe |
| 16:38 | Research | Double-Bit Axe |
| 17:08 | Queue | Villager (Male) |
| 17:22 | Research | Padded Archer Armor |
| 17:23 | Research | Padded Archer Armor |
| 17:34 | Build | Archery Range |
| 17:42 | Queue | Archer |
| 17:42 | Queue | Archer |
| 17:48 | Queue | Villager (Male) |
| 17:52 | Build | Lumber Camp |
| 18:13 | Queue | Villager (Male) |
| 18:15 | Build | Farm |
| 18:20 | Build | House |
| 18:21 | Build | House |
| 18:42 | Queue | Archer |
| 18:43 | Queue | Archer |
| 18:52 | Queue | Villager (Male) |
| 18:59 | Build | Farm |
| 19:12 | Build | House |
| 19:16 | Queue | Archer |
| 19:16 | Queue | Archer |
| 19:33 | Queue | Villager (Male) |
| 19:36 | Build | Farm |
| 19:37 | Build | Farm |
| 19:43 | Build | House |
| 19:55 | Queue | Archer |
| 19:56 | Queue | Archer |
| 19:58 | Queue | Villager (Male) |
| 19:58 | Queue | Villager (Male) |
| 20:06 | Build | House |
| 20:12 | Build | House |
| 20:16 | Build | House |
| 20:19 | Build | House |
| 20:25 | Build | Palisade Wall |
| 20:28 | Queue | Archer |
| 20:28 | Queue | Archer |
| 20:37 | Queue | Villager (Male) |
| 20:45 | Queue | Archer |
| 20:45 | Queue | Archer |
| 20:57 | Queue | Archer |
| 20:57 | Queue | Archer |
| 21:03 | Queue | Villager (Male) |
| 21:03 | Queue | Villager (Male) |
| 21:17 | Queue | Archer |
| 21:24 | Queue | Villager (Male) |
| 21:29 | Queue | Archer |
| 21:32 | Queue | Archer |
| 21:33 | Queue | Archer |
| 21:34 | Queue | Villager (Male) |
| 21:46 | Queue | Archer |
| 21:51 | Build | House |
| 21:52 | Queue | Villager (Male) |
| 22:14 | Queue | Archer |
| 22:19 | Build | Palisade Wall |
| 22:26 | Queue | Archer |
| 22:26 | Queue | Archer |
| 22:34 | Queue | Villager (Male) |
| 23:00 | Build | Farm |
| 23:14 | Queue | Archer |
Match timeline
| 6:29 | 局局卡子 · wall_segment Palisade Wall x5 |
| 6:30 | dustbin · wall_segment Palisade Wall x1 |
| 6:31 | dustbin · wall_segment Palisade Wall x1 |
| 6:31 | dustbin · wall_segment Palisade Wall x1 |
| 6:32 | dustbin · wall_segment Palisade Wall x1 |
| 7:18 | 局局卡子 · first_building Barracks |
| 7:29 | 局局卡子 · wall_segment Palisade Wall x2 |
| 7:31 | 局局卡子 · wall_segment Palisade Wall x8 |
| 7:44 | jimmy211211 · wall_segment Palisade Wall x5 |
| 7:46 | MuyFloji · first_building Barracks |
| 7:46 | jimmy211211 · wall_segment Palisade Wall x4 |
| 7:53 | jimmy211211 · wall_segment Palisade Wall x8 |
| 7:55 | jimmy211211 · wall_segment Palisade Wall x5 |
| 7:59 | 局局卡子 · wall_segment Palisade Wall x1 |
| 8:02 | 鸭子 · first_building Barracks |
| 8:12 | zhazhahui · first_building Barracks |
| 8:28 | dustbin · wall_segment Palisade Wall x6 |
| 8:29 | dustbin · wall_segment Palisade Wall x2 |
| 8:31 | dustbin · wall_segment Palisade Wall x9 |
| 8:32 | PrimordiaL_ · first_building Barracks |
| 8:38 | 局局卡子 · age_up feudal |
| 8:49 | dustbin · first_building Barracks |
| 8:53 | 局局卡子 · first_building Stable |
| 9:03 | MuyFloji · age_up feudal |
| 9:07 | MuyFloji · first_building Archery Range |
| 9:12 | jimmy211211 · first_building Barracks |
| 9:21 | zhazhahui · age_up feudal |
| 9:24 | lun · first_building Barracks |
| 9:26 | jimmy211211 · age_up feudal |
| 9:31 | PrimordiaL_ · age_up feudal |
| 9:34 | dustbin · wall_segment Palisade Wall x11 |
| 9:37 | dustbin · wall_segment Palisade Wall x3 |
| 9:38 | PrimordiaL_ · first_building Stable |
| 10:06 | dustbin · age_up feudal |
| 10:07 | 鸭子 · age_up feudal |
| 10:09 | 鸭子 · first_building Stable |
| 10:09 | zhazhahui · first_building Archery Range |
| 10:13 | 局局卡子 · wall_segment Palisade Wall x6 |
| 10:20 | jimmy211211 · wall_segment Palisade Wall x13 |
| 10:21 | PrimordiaL_ · wall_segment Palisade Wall x5 |
| 10:23 | zhazhahui · wall_segment Palisade Wall x4 |
| 10:26 | dustbin · first_building Archery Range |
| 10:44 | lun · age_up feudal |
| 10:48 | lun · first_building Stable |
| 10:54 | 局局卡子 · wall_segment Palisade Wall x6 |
| 10:55 | zhazhahui · wall_segment Palisade Wall x1 |
| 10:55 | 局局卡子 · wall_segment Palisade Wall x7 |
| 10:59 | PrimordiaL_ · wall_segment Palisade Wall x1 |
| 11:00 | zhazhahui · wall_segment Palisade Wall x7 |
| 11:12 | dustbin · wall_segment Palisade Wall x8 |
| 11:16 | zhazhahui · wall_segment Palisade Wall x5 |
| 11:25 | zhazhahui · wall_segment Palisade Wall x10 |
| 11:35 | jimmy211211 · first_building Archery Range |
| 11:56 | 鸭子 · wall_segment Palisade Wall x14 |
| 11:56 | 鸭子 · wall_segment Palisade Wall x1 |
| 12:11 | lun · wall_segment Palisade Wall x1 |
| 12:12 | lun · wall_segment Palisade Wall x1 |
| 12:12 | 鸭子 · wall_segment Palisade Wall x15 |
| 12:14 | lun · wall_segment Palisade Wall x2 |
| 12:18 | lun · wall_segment Palisade Wall x5 |
| 12:31 | PrimordiaL_ · wall_segment Palisade Wall x12 |
| 12:49 | lun · wall_segment Palisade Wall x3 |
| 13:07 | PrimordiaL_ · wall_segment Palisade Wall x9 |
| 13:41 | jimmy211211 · wall_segment Palisade Wall x1 |
| 14:08 | dustbin · wall_segment Palisade Wall x1 |
| 14:18 | PrimordiaL_ · wall_segment Palisade Wall x7 |
| 14:32 | 局局卡子 · wall_segment Palisade Wall x2 |
| 14:41 | 局局卡子 · wall_segment Palisade Wall x1 |
| 15:14 | 局局卡子 · wall_segment Palisade Wall x1 |
| 15:20 | PrimordiaL_ · wall_segment Palisade Wall x9 |
| 15:32 | MuyFloji · wall_segment Palisade Wall x1 |
| 15:45 | 鸭子 · wall_segment Palisade Wall x19 |
| 16:14 | PrimordiaL_ · wall_segment Palisade Wall x5 |
| 17:29 | MuyFloji · wall_segment Palisade Wall x2 |
| 17:43 | zhazhahui · wall_segment Palisade Wall x1 |
| 18:39 | lun · wall_segment Palisade Wall x3 |
| 18:41 | lun · wall_segment Palisade Wall x3 |
| 19:08 | PrimordiaL_ · wall_segment Palisade Wall x11 |
| 20:17 | PrimordiaL_ · first_market_sell 100 wood |
| 20:25 | dustbin · wall_segment Palisade Wall x1 |
| 21:23 | 鸭子 · first_market_buy 100 food |
| 21:44 | 局局卡子 · wall_segment Palisade Wall x6 |
| 22:10 | 局局卡子 · age_up castle |
| 22:19 | dustbin · wall_segment Palisade Wall x8 |
| 23:18 | 局局卡子 · first_market_buy 100 stone |
| 23:42 | PrimordiaL_ · age_up castle |
| 23:46 | MuyFloji · age_up castle |
| 24:29 | 鸭子 · age_up castle |
| 25:18 | lun · age_up castle |
| 25:53 | jimmy211211 · age_up castle |
| 26:10 | zhazhahui · age_up castle |
| 26:28 | zhazhahui · wall_segment Palisade Wall x1 |
| 28:15 | dustbin · wall_segment Palisade Wall x1 |
| 28:22 | dustbin · age_up castle |
| 29:37 | PrimordiaL_ · first_market_buy 100 stone |
| 29:53 | 局局卡子 · first_building Monastery |
| 29:56 | dustbin · first_market_sell 100 wood |
| 29:58 | dustbin · first_market_buy 100 stone |
| 30:14 | MuyFloji · first_market_buy 100 food |
| 30:33 | 鸭子 · wall_segment Palisade Wall x7 |
| 30:47 | lun · first_building Monastery |
| 31:03 | PrimordiaL_ · first_building Monastery |
| 33:46 | jimmy211211 · first_building Siege Workshop |
| 34:17 | jimmy211211 · first_building Castle |
| 35:10 | MuyFloji · first_building Monastery |
| 35:30 | zhazhahui · first_building Siege Workshop |
| 35:50 | 局局卡子 · first_building Castle |
| 36:49 | 局局卡子 · first_market_sell 100 food |
| 37:20 | jimmy211211 · age_up imperial |
| 38:05 | MuyFloji · first_building Castle |
| 38:15 | 鸭子 · first_market_sell 100 food |
| 38:18 | 鸭子 · first_building Monastery |
| 38:55 | MuyFloji · first_market_sell 100 food |
| 39:00 | zhazhahui · first_building Castle |
| 39:07 | MuyFloji · age_up imperial |
| 39:14 | PrimordiaL_ · age_up imperial |
| 39:35 | zhazhahui · age_up imperial |
| 39:53 | 局局卡子 · age_up imperial |
| 40:41 | 鸭子 · first_building Siege Workshop |
| 41:09 | 局局卡子 · tribute_sent a jugador 1 |
| 41:09 | 局局卡子 · tribute_sent a jugador 2 |
| 41:09 | 局局卡子 · tribute_sent a jugador 3 |
| 41:09 | 局局卡子 · tribute_sent a jugador 4 |
| 41:09 | 局局卡子 · tribute_sent a jugador 5 |
| 41:09 | 局局卡子 · tribute_sent a jugador 7 |
| 41:09 | 局局卡子 · tribute_sent a jugador 8 |
| 41:22 | 局局卡子 · tribute_sent a jugador 1 |
| 41:22 | 局局卡子 · tribute_sent a jugador 2 |
| 41:22 | 局局卡子 · tribute_sent a jugador 3 |
| 41:22 | 局局卡子 · tribute_sent a jugador 4 |
| 41:22 | 局局卡子 · tribute_sent a jugador 5 |
| 41:22 | 局局卡子 · tribute_sent a jugador 7 |
| 41:22 | 局局卡子 · tribute_sent a jugador 8 |
| 41:43 | dustbin · first_building Monastery |
| 42:06 | PrimordiaL_ · first_building Castle |
| 42:14 | zhazhahui · first_market_buy 100 stone |
| 42:18 | 鸭子 · age_up imperial |
| 45:50 | dustbin · age_up imperial |
| 46:14 | lun · age_up imperial |
| 46:54 | lun · first_building Castle |
| 47:20 | lun · first_market_sell 500 stone |
| 47:51 | 局局卡子 · first_building Archery Range |
| 48:05 | 鸭子 · first_building Archery Range |
| 48:08 | MuyFloji · first_building Siege Workshop |
| 50:27 | zhazhahui · first_market_sell 100 food |
| 51:08 | dustbin · first_building Siege Workshop |
| 51:21 | zhazhahui · wall_segment Palisade Wall x1 |
| 51:23 | zhazhahui · wall_segment Palisade Wall x12 |
| 53:21 | 鸭子 · first_building Castle |
| 54:55 | 局局卡子 · resign |
[ AI ANALYSIS · 1 CREDIT ]
What really happened in this match?
Wolo.gg analyzes every decision: build order, eco, micro, common mistakes by bracket. Personalized analysis on WhatsApp or Discord in 30 seconds.
Civ guide
Burgundians
Perfil
Jugador #1486432